 Dungeon Crawl Stone Soup version 0.22.1-1-ga44c0e56f4 (webtiles) character file.

87 Ivernyr the Magician (level 4, 0/36 HPs)
             Began as a Naga Wizard on Oct 31, 2018.
             Succumbed to an orc's poison
             ... on level 3 of the Dungeon.
             The game lasted 00:17:44 (2269 turns).

Ivernyr the Magician (Naga Wizard)                  Turns: 2269, Time: 00:17:45

Health: 0/36       AC:  4    Str: 12    XL:     4   Next: 51%
Magic:  10/10      EV: 15    Int: 24    God:
Gold:   65         SH:  4    Dex: 14    Spells: 2/11 levels left

rFire    . . .     SeeInvis +   e - +0 spear
rCold    . . .     Gourm    .   (no shield)
rNeg     . . .     Faith    .   a - +0 robe
rPois    +         Spirit   .   b - +0 hat
rElec    .         Reflect  .   n - +0 cloak
rCorr    .         Harm     .   m - +0 pair of gloves
MR       .....                  (no barding)
Stlth    +++.......             (no amulet)
HPRegen  0.12/turn              (no ring)
MPRegen  0.12/turn              (no ring)

@: brilliant, agile, lethally poisoned (0 -> -1), flying, very slow
A: large, large bone plates 1, see invisible, deformed body, poison resistance,
slowness 2, slow metabolism 1, spit poison 1, strong 1, wild magic 1, AC +1
a: Spit Poison


You were on level 3 of the Dungeon.
You were hungry.

You visited 1 branch of the dungeon, and saw 3 of its levels.

You collected 65 gold pieces.

Inventory:

Hand Weapons
 e - a +0 spear (weapon)
Armour
 a - a +0 robe (worn)
 b - a +0 hat (worn)
 m - a +0 pair of gloves (worn)
 n - a +0 cloak (worn)
Scrolls
 f - a scroll of blinking {unknown}
 g - 4 scrolls of identify {unknown}
 i - a scroll of amnesia {unknown}
 j - a scroll of random uselessness {unknown}
 k - 3 scrolls of remove curse {unknown}
 q - a scroll of fog {unknown}
Potions
 c - a potion of brilliance
Comestibles
 d - 6 rations


   Skills:
 - Level 1.5 Dodging
 - Level 3.0 Stealth
 + Level 4.0 Spellcasting
 + Level 3.0 Conjurations
   Level 1.0 Summonings
 - Level 1.0 Translocations


You had 2 spell levels left.
You knew the following spells:

 Your Spells              Type           Power        Failure   Level  Hunger
a - Magic Dart            Conj           ####         1%          1    None
b - Blink                 Tloc           N/A          1%          2    #......
c - Conjure Flame         Conj/Fire      ####....     2%          3    ##.....
d - Mephitic Cloud        Conj/Pois/Air  ####....     3%          3    ##.....

Your spell library contained the following spells:

 Spells                   Type           Power        Failure   Level  Hunger
 Call Imp                 Summ           ####....     1%          2    #......
 Slow                     Hex            ####....     2%          2    #......


Dungeon Overview and Level Annotations

Branches:
Dungeon (3/15)

Altars:
Vehumet


Innate Abilities, Weirdness & Mutations

You cannot wear boots.
Your serpentine skin is tough. (AC +1)
You have supernaturally acute eyesight. (SInv)
Armour fits poorly on your strangely shaped body.
Your system is resistant to poisons. (rPois)
You cover ground very slowly.
You have a slow metabolism.
You can spit poison.
You are partially covered in large bone plates. (SH +4)
Your muscles are strong. (Str +2)
Your spells are a little harder to cast, but a little more powerful.


Message History

You start resting.
You feel sick. x3
You feel less wooden.
Your +0 cloak unmelds from your body.
Your +0 hat unmelds from your body.
Your +0 pair of gloves unmelds from your body.
Your +0 robe unmelds from your body.
There is a lethal amount of poison in your body!
There is a lethal amount of poison in your body!
It was a potion of agility.
You feel agile all of a sudden.
It was a potion of flight.
You feel very buoyant.
You fly up into the air.
* * * LOW HITPOINT WARNING * * *
You feel sick.
* * * LOW HITPOINT WARNING * * *
You feel sick.
Items here: )) [[ † a hand axe of venom; a leather armour; a long sword; a leather armour an orc corpse You die...

†......#
.....(#
......
......# ..o..
.....######
o...
....<.....##
...
.....####..#
.o .....#
##.## .##
.....#
#..######..#
.....#
##(...)@...#
######
#########...#
#.... ###


There were no monsters in sight!

Vanquished Creatures
  Jessica (D:2)
  An adder (D:2)
  2 dart slugs (D:1)
  3 orcs (D:3)
  A ball python (D:2)
  5 bats (D:1)
  2 giant cockroaches
  2 hobgoblins
  6 jackals (D:1)
  5 kobolds
  5 frilled lizards
  8 goblins
  3 rats
44 creatures vanquished.

Notes
Turn   | Place    | Note
-------+----------+-------------------------------------------
     0 | D:1      | Ivernyr the Naga Wizard began the quest for the Orb.
     0 | D:1      | Reached XP level 1. HP: 15/15 MP: 4/4
   177 | D:1      | Reached XP level 2. HP: 16/22 MP: 3/6
   703 | D:1      | Reached XP level 3. HP: 24/28 MP: 2/8
   744 | D:1      | Learned a level 2 spell: Blink
   748 | D:1      | Learned a level 3 spell: Conjure Flame
   752 | D:1      | Learned a level 3 spell: Mephitic Cloud
  1255 | D:2      | Noticed Jessica
  1260 | D:2      | Killed Jessica
  1260 | D:2      | Reached XP level 4. HP: 34/36 MP: 5/9
  1962 | D:2      | Reached skill level 4 in Spellcasting
  1963 | D:2      | Found a radiant altar of Vehumet.
  2238 | D:3      | Gained mutation: You are partially covered in large bone
                  | plates. (SH +4) [potion of mutation]
  2238 | D:3      | Gained mutation: Your spells are a little harder to cast,
                  | but a little more powerful. [potion of mutation]
  2238 | D:3      | Gained mutation: Your muscles are strong. (Str +2) [potion
                  | of mutation]
  2263 | D:3      | HP: 1/36 [poisoned by an orc]
  2269 | D:3      | Succumbed to an orc's poison

Skill      XL: |  1  2  3  4 |
---------------+-------------+-----
Conjurations   | 2 3 |  3.0
Spellcasting   | 4 |  4.0
Dodging        | |  1.5
Stealth        | |  3.0
Summonings     | |  1.0
Translocations | |  1.0

Action                   |  1- 3 |  4- 6 || total
-------------------------+-------+-------++-------
Melee: Spear             |    23 |    10 ||    33
       Unarmed           |     2 |       ||     2
 Cast: Magic Dart        |    51 |    28 ||    79
 Abil: Spit Poison       |    13 |     2 ||    15
  Use: Potion            |       |     5 ||     5
 Stab: Sleeping          |     1 |       ||     1
  Eat: Chunk             |       |     3 ||     3
Armor: Robe              |     5 |     5 ||    10
Dodge: Dodged            |    25 |     8 ||    33
